 Dungeon Crawl Stone Soup version 0.28.0-49-g6dfe1f597d (webtiles) character file.

Game seed: 10493114040138238234

53 Keeper01 the Skirmisher (level 3, -1/30 HPs)
             Began as a Demonspawn Chaos Knight on May 10, 2022.
             Was a Plaything of Xom.
             Slain by an acid dragon (6 damage)
             ... on level 3 of the Dungeon.
             The game lasted 00:06:28 (1236 turns).

Keeper01 the Skirmisher (Demonspawn Chaos Knight)   Turns: 1236, Time: 00:06:29

Health: -1/30      AC:  1    Str: 14    XL:     3   Next: 62%
Magic:  3/3        EV: 11    Int: 13    God:    Xom [..*...]
Gold:   80         SH:  6    Dex: 12    Spells: 2/2 levels left

rFire   . . .      SeeInvis .   a - +0 mace (chaos)
rCold   . . .      Faith    .   (no shield)
rNeg    . . .      Spirit   .   b - +2 leather armour
rPois   .          Reflect  .   (no helmet)
rElec   .          Harm     .   (no cloak)
rCorr   .          Rampage  .   (no gloves)
Will    .....                   (no boots)
Stlth   +.........              (no amulet)
HPRegen 0.10/turn               (no ring)
MPRegen 0.08/turn               (no ring)

@: corroded
A: large bone plates 2
a: Renounce Religion


You were on level 3 of the Dungeon.
You worshipped Xom.
You were a toy of Xom.
You visited 1 branch of the dungeon, and saw 3 of its levels.

You collected 80 gold pieces.

Inventory:

Hand Weapons
 a - a +0 mace of chaos (weapon)
 h - a +0 dagger of distortion
Armour
 b - a +2 leather armour (worn)
Scrolls
 c - a scroll of teleportation {unknown}
 d - 2 scrolls of identify {unknown}
 f - 2 scrolls of enchant armour {unknown}
Potions
 g - a potion of degeneration {unknown}


   Skills:
 + Level 3.6 Fighting
 + Level 3.3 Maces & Flails
 + Level 2.1 Armour
 + Level 1.2 Dodging
 + Level 0.3 Shields


You had 2 spell levels left.
You didn't know any spells.
Your spell library was empty.

Dungeon Overview and Level Annotations

Branches:
Dungeon (3/15)

Altars:


Innate Abilities, Weirdness & Mutations

You are mostly covered in large bone plates. (SH +6)


Message History

The bat hits you but does no damage.
You hit the bat but do no damage.
The bat is heavily wounded.
You block the bat's attack.
You closely miss the bat.
The bat is moderately wounded.
The bat hits you but does no damage. You block the bat's attack.
You block the bat's attack. The bat hits you. You block the bat's attack.
You block the bat's attack.
You hit the bat.
The bat evaporates and reforms as an acid dragon!
The acid dragon is lightly wounded.
The acid dragon spits acid at you. The splash of acid misses you.
You closely miss the acid dragon.
The acid dragon is lightly wounded.
The acid dragon bites you but does no damage.
The acid dragon claws you but does no damage.
Okay, then.
It was a potion of curing.
You feel better.
The acid dragon bites you but does no damage.
The acid dragon claws you.
You hit the acid dragon.
The acid dragon is poisoned.
The acid dragon is lightly wounded.
The acid dragon closely misses you. The acid dragon misses you.
You hit the acid dragon. You burn the acid dragon.
The acid dragon is moderately wounded.
The acid dragon misses you.
The acid dragon claws you but does no damage.
The acid dragon spits acid at you. The splash of acid hits you!
Ouch! That really hurt!
You emit a cloud of colourful smoke!
The acid corrodes you! The acid dragon bites you!
* * * LOW HITPOINT WARNING * * *
The acid dragon claws you.
You die...
Xom giggles madly!

##'##..####..........#
#..)#†...............#
#..†'..)....##.......#
#...#..####..........#
#'###..#..#..##......#
#[.#...#(^'..........#
#).#...####..#.......#
####......P....####.#####
................@§§......
.#######..##....§D§......
.# #......#.......... .#
#####............. .#
#.##.......... .# #.
#.......... .# ..
#..(.#..... .# ###
#....#?.... .....######


You could see an acid dragon (very poisoned, catching breath).

Vanquished Creatures
  An adder (D:2)
  A dart slug (D:2)
  3 orcs (D:3)
  A bat (D:1)
  An endoplasm (D:2)
  6 goblins
  A hobgoblin (D:2)
  6 jackals (D:1)
  4 kobolds
  2 quokkas
  6 ball pythons
  A frilled lizard (D:1)
  2 rats (D:1)
35 creatures vanquished.

Vanquished Creatures (others)
  5 plants (D:3)
5 creatures vanquished.

Grand Total: 40 creatures vanquished

Notes
Turn   | Place    | Note
-------+----------+-------------------------------------------
     0 | D:1      | Keeper01 the Demonspawn Chaos Knight began the quest for
                  | the Orb.
     0 | D:1      | Reached XP level 1. HP: 18/18 MP: 1/1
   161 | D:1      | Gained mutation: You are partially covered in large bone
                  | plates. (SH +4) [demonic ancestry]
   161 | D:1      | Reached XP level 2. HP: 21/24 MP: 2/2
   340 | D:1      | XOM: silly message
   413 | D:1      | XOM: silly message
   542 | D:2      | XOM: divination: detect creatures
   552 | D:2      | XOM: potion effect (haste)
   557 | D:2      | Reached skill level 1 in Dodging
   557 | D:2      | Gained mutation: You are mostly covered in large bone
                  | plates. (SH +6) [demonic ancestry]
   557 | D:2      | Reached XP level 3. HP: 23/29 MP: 3/3
   637 | D:2      | XOM: silly message
  1041 | D:3      | XOM: noise
  1231 | D:3      | Noticed an acid dragon
  1231 | D:3      | a bat changed into an acid dragon
  1235 | D:3      | XOM: smoke on damage
  1236 | D:3      | Slain by an acid dragon

Illustrated notes

Levels and vault maps discovered:
D:1:      amcnicky_arrival_blooded_trapdoor, layout_basic
D:2:      wad_crossroads, layout_basic
D:3:      corexii_shack_village, layout_basic,
          grunt_temple_overflow_growth_and_decay,
          nicolae_elyvilon_peaceful_grove, shapermc_ecumenical_altar_rom_forum

Skill      XL: |  1  2 |
---------------+-------+-----
Maces & Flails | 3 |  3.3
Armour         | 2 |  2.1
Dodging        | 1 |  1.2
Fighting       | |  3.6
Shields        | |  0.3

Action                   || total
-------------------------++-------
Melee: Mace              ||   115
       Punch             ||     1
  Use: Potion            ||     1
Armor: Leather armour    ||    41
Dodge: Dodged            ||    66
Block: Other             ||    32
